 Dungeon Crawl Stone Soup version 0.27.0-1-g7a089689b8 (webtiles) character file.

Game seed: 3761669463161570496

370 ZombieSheep the Skirmisher (level 6, -2/56 HPs)
             Began as a Hill Orc Fighter on Aug 1, 2021.
             Slain by Prince Ribbit (6 damage)
             ... on level 4 of the Dungeon.
             The game lasted 00:06:16 (4192 turns).

ZombieSheep the Skirmisher (Hill Orc Fighter)       Turns: 4192, Time: 00:06:17

Health: -2/56      AC:  8    Str: 19    XL:     6   Next: 70%
Magic:  6/6        EV: 10    Int:  8    God:
Gold:   160        SH:  0    Dex: 12    Spells: 5/5 levels left

rFire    . . .     SeeInvis .   a - +0 trident
rCold    . . .     Faith    .   (no shield)
rNeg     . . .     Spirit   .   b - +1 scale mail
rPois    .         Reflect  .   (no helmet)
rElec    .         Harm     .   (no cloak)
rCorr    .         Rampage  .   (no gloves)
Will     .....                  (no boots)
Stlth    ..........             (no amulet)
HPRegen  0.18/turn              (no ring)
MPRegen  0.10/turn              (no ring)

@: no status effects
A: no striking features
a: no special abilities


You were on level 4 of the Dungeon.
You visited 1 branch of the dungeon, and saw 5 of its levels.

You collected 160 gold pieces.

Inventory:

Hand Weapons
 a - a +0 trident (weapon)
 j - a +0 war axe
Missiles
 k - 6 javelins (quivered)
Armour
 b - a +1 scale mail (worn)
 c - a +0 kite shield
 l - a +0 chain mail
Scrolls
 e - a scroll of holy word
 m - a scroll of enchant armour
Potions
 d - a potion of might
 f - a potion of heal wounds {unknown}
 g - a potion of invisibility
 h - a potion of haste
 i - a potion of degeneration {unknown}
 n - a potion of flight {unknown}
 o - a potion of mutation {unknown}


   Skills:
 + Level 5.4 Fighting
 + Level 4.1 Polearms
 + Level 4.9 Armour
 + Level 2.4 Dodging
 - Level 3.2 Shields


You had 5 spell levels left.
You didn't know any spells.
Your spell library contained the following spells:

 Spells                   Type           Power      Damage    Failure   Level
 Sandblast                Erth           0%         2d4       77%         1
 Shock                    Conj/Air       0%         1d3       77%         1
 Passwall                 Tmut/Erth      0%         N/A       88%         2
 Sublimation of Blood     Necr           0%         N/A       88%         2
 Wereblood                Tmut           0%         N/A       88%         2
 Swiftness                Air            0%         N/A       98%         3
 Airstrike                Air            0%         N/A       100%        4
 Lee's Rapid Deconstruct  Erth           0%         3d5*      100%        5
 Summon Hydra             Summ           0%         N/A       100%        7


Dungeon Overview and Level Annotations

Branches:
Dungeon (5/15)
 Temple: D:4-7

Altars:
Makhleb

Shops:
D:1 !   D:3 ?   D:4 *   D:5 [

Annotations:
D:4 1 runed translucent door, Prince Ribbit; asterach's ghost, amateur VSFi


Message History

What level of the Dungeon? (default 1, ? - help) Asterach's ghost says, "You can hit me, but you can't hurt me."
Things that are here:
a +0 flail; a +0 leather armour
There is a stone staircase leading up, spattered with blood here.
There is a stone staircase leading down here.
You climb downwards.
A quokka and Prince Ribbit come into view.
Prince Ribbit gives a loud, deep croak!
Found 18 stones and a scroll of noise.
Found Ydgheijyku's Armour Emporium.
Found an escape hatch in the floor.
Found a stone staircase leading down.
There is a stone staircase leading up here.
You puncture the quokka!
You kill the quokka!
You miss Prince Ribbit.
Prince Ribbit croaks regally.
Prince Ribbit hits you! Prince Ribbit barely misses you.
You closely miss Prince Ribbit. Prince Ribbit hits you.
You barely miss Prince Ribbit. Prince Ribbit hits you!
Prince Ribbit barely misses you.
Prince Ribbit croaks regally.
Prince Ribbit hits you.
You climb upwards.
Level annotation: 1 runed translucent door, asterach's ghost, amateur VSFi
There is a stone staircase leading down here.
You are too injured to fight recklessly!
You hit Prince Ribbit.
Prince Ribbit is lightly wounded.
Prince Ribbit misses you. Prince Ribbit barely misses you.
You closely miss Prince Ribbit.
Prince Ribbit is lightly wounded.
Prince Ribbit hits you.
You miss Prince Ribbit.
Prince Ribbit is lightly wounded.
Prince Ribbit hits you! x2
* * * LOW HITPOINT WARNING * * *
You closely miss Prince Ribbit.
Prince Ribbit is lightly wounded.
Prince Ribbit hits you.
You die...

#.#######.# ### #.# #.#
#<. #.#######.# ###
#.......#.#############.
######.##.#.............
#..................
#..#.#.###########.
#..#.#....[........
#.@F...............
#.♣#.#.###########.
##♣.∩.♣..#(...# ##
#...♣...##....#######
#...................#
#.......#.....#####.#
#........<....# #.#
#....)##......#####.#
##.............#.....#


You could see Prince Ribbit.

Vanquished Creatures
  A black bear (D:4)
  A hound (D:4)
  An orc priest (D:3)
  2 centaur skeletons (D:4)
  An orc wizard (D:2)
  5 adders
  2 worms (D:2)
  2 dart slugs (D:4)
  8 orcs
  8 endoplasms
  A giant cockroach (D:4)
  5 goblins
  7 hobgoblins
  7 jackals (D:1)
  7 quokkas
  A ball python (D:3)
  7 bats
  A frilled lizard (D:1)
  8 kobolds
  5 rats
80 creatures vanquished.

Vanquished Creatures (others)
  5 plants (D:1)
5 creatures vanquished.

Grand Total: 85 creatures vanquished

Notes
Turn   | Place    | Note
-------+----------+-------------------------------------------
     0 | D:1      | ZombieSheep the Hill Orc Fighter began the quest for the
                  | Orb.
     0 | D:1      | Reached XP level 1. HP: 19/19 MP: 1/1
    46 | D:1      | Reached XP level 2. HP: 17/27 MP: 2/2
    64 | D:1      | Found Gyvaemmu's Distillery.
   279 | D:1      | Reached skill level 4 in Fighting
   285 | D:1      | Found a faded altar of an unknown god.
   315 | D:1      | Reached XP level 3. HP: 26/33 MP: 3/3
   793 | D:2      | Reached skill level 1 in Dodging
  1297 | D:2      | Found a burning altar of Makhleb.
  1348 | D:2      | Reached XP level 4. HP: 41/41 MP: 4/4
  1993 | D:3      | Found Heysul's Magic Scroll Shoppe.
  2216 | D:2      | Reached XP level 5. HP: 22/47 MP: 5/5
  3024 | D:4      | Found a runed translucent door.
  3026 | D:4      | Noticed asterach's ghost (amateur VSFi)
  3187 | D:4      | Noticed a black bear
  3194 | D:4      | Killed a black bear
  3195 | D:4      | Reached skill level 5 in Fighting
  3195 | D:4      | Reached XP level 6. HP: 50/56 MP: 6/6
  3308 | D:4      | Found Zissut's Assorted Antiques.
  4182 | D:5      | Entered Level 5 of the Dungeon
  4182 | D:5      | Found Ydgheijyku's Armour Emporium.
  4182 | D:5      | Noticed Prince Ribbit
  4192 | D:4      | Slain by Prince Ribbit

Illustrated notes

Levels and vault maps discovered:
D:1:      erik_arrival_triangle_small, layout_rooms,
          shapermc_ecumenical_altar_mp_urbaneastern, serial_shops,
          nicolae_square_shop
D:2:      minmay_evil_eye, layout_basic, basic_altar
D:3:      layout_loops_ring, serial_shops, shop, amcnicky_mini_corridor_feature
D:4:      layout_basic, serial_shops, nicolae_shop_trees, ebering_ghost_sewer_d,
          dk_noncrumbling_3
D:5:      layout_rooms, lemuel_coloured_pillars_altar, serial_shops,
          nicolae_stop_n_shop_2, uniq_sigmund, uniq_prince_ribbit1

Skill      XL: |  1  2  3  4  5  6 |
---------------+-------------------+-----
Fighting       | 4 5 |  5.4
Dodging        | 1 2 |  2.4
Polearms       | 3 4 |  4.1
Armour         | 4 |  4.9
Shields        | |  3.2

Action                   |  1- 3 |  4- 6 || total
-------------------------+-------+-------++-------
Melee: Trident           |   119 |   195 ||   314
  Use: Scroll            |     2 |     8 ||    10
Armor: Scale mail        |    53 |    70 ||   123
Dodge: Dodged            |    52 |    73 ||   125
